 Dungeon Crawl Stone Soup version 0.19.3-4-gbf9329e (webtiles) character file.

15983 Dolanko the Cleaver (level 12, -35/110 HPs)
             Began as a Minotaur Fighter on Jan 26, 2017.
             Was an Elder of Qazlal.
             Killed from afar by a frost giant (55 damage)
             ... with a bolt of cold
             ... in an ice cave.
             The game lasted 00:19:36 (9735 turns).

Dolanko the Cleaver (Minotaur Fighter)              Turns: 9735, Time: 00:19:37

Health: -35/110    AC: 26    Str: 28    XL:     12   Next: 6%
Magic:  16/16      EV:  5    Int: 11    God:    Qazlal [****..]
Gold:   1294       SH: 19    Dex: 12    Spells: 0 memorised, 11 levels left

rFire  . . .     SeeInvis +     s - +7 hand axe "Qussan" {chop, Str+4}
rCold  . . .     Gourm    .     q - +3 plate armour {rPois}
rNeg   . . .     Faith    .     c - +0 shield
rPois  +         Spirit   .     (helmet restricted)
rElec  .         Reflect  .     u - +2 cloak
rCorr  .         Harm     .     H - +1 pair of gloves
MR     .....                    (no boots)
Stlth  ..........               (no amulet)
                                k - +6 ring of intelligence
                                l - ring of see invisible

@: very slightly contaminated, hasted, repel missiles, very quick
A: retaliatory headbutt, horns 2, large bone plates 1, slimy green scales 1,
blurry vision 1
a: Upheaval, Elemental Force, Renounce Religion


You were in an ice cave.
You worshipped Qazlal.
Qazlal was greatly pleased with you.
You were not hungry.

You visited 2 branches of the dungeon, and saw 11 of its levels.
You also visited: Ice Cave.

You collected 1294 gold pieces.

Inventory:

Hand Weapons
 a - a +2 war axe of flaming
 j - a +0 broad axe
 s - the +7 hand axe "Qussan" (weapon) {chop, Str+4}
   (You found it in an ice cave)

   It inflicts extra damage upon your enemies.
   It affects your strength (+4).
Missiles
 y - 4 throwing nets
 E - 8 javelins (quivered)
Armour
 c - a +0 shield (worn)
 q - a +3 plate armour of poison resistance (worn)
 u - a +2 cloak (worn)
 H - a +1 pair of gloves (worn)
Jewellery
 d - an uncursed ring of flight
 k - a +6 ring of intelligence (right hand)
 l - a ring of see invisible (left hand)
Wands
 b - a wand of flame (29/48)
 v - a wand of lightning (2/15)
 C - a wand of lightning (4/15)
 D - a wand of disintegration (7/24)
 G - a wand of disintegration (19/24)
Scrolls
 e - 2 scrolls of teleportation
 h - 4 scrolls of identify
 o - a scroll of enchant armour
 w - a scroll of noise
 x - 5 scrolls of remove curse
 F - a scroll of magic mapping
Potions
 n - 4 potions of curing
 p - 2 potions of berserk rage
 z - 3 potions of flight
 A - 2 potions of cure mutation
Miscellaneous
 I - a sack of spiders
Comestibles
 f - 2 bread rations
 g - 2 beef jerkies
 r - 5 meat rations
 t - 6 fruits
 B - 9 slices of pizza
 J - 6 chunks of flesh


   Skills:
 + Level 11.4 Fighting
 * Level 14.7 Axes
 + Level 11.4 Armour
 - Level 3.6 Shields
 + Level 7.8 Invocations


You had 11 spell levels left.
You didn't know any spells.

Dungeon Overview and Level Annotations

Branches:
Dungeon (9/15)             Temple (0/1) D:7             Orc (2/2) D:9
    Elf (0/3) Orc:2
   Lair: D:8-11

Altars:
Qazlal

Shops:
D:5 (


Innate Abilities, Weirdness & Mutations

You reflexively headbutt those who attack you in melee.
You have a pair of horns on your head.
You are partially covered in large bone plates. (SH +4)
You are partially covered in slimy green scales. (AC +2)
Scrolls take you a little longer to read.


Message History

The frost giant is lightly wounded.
The frost giant points at you and mumbles some strange words.
The bolt of cold hits you!
You slash the frost giant!
You headbutt the frost giant, but do no damage.
The frost giant is moderately wounded.
The frost giant hits you with a battleaxe of freezing!!
* * * LOW HITPOINT WARNING * * *
The frost giant freezes you.
* * * LOW HITPOINT WARNING * * *
You feel much better. The frost giant casts a spell at you.
The bolt of cold hits you!
* * * LOW HITPOINT WARNING * * *
You feel yourself speed up. You block the frost giant's attack.
You are very lightly contaminated with residual magic.
The frost giant points at you and mumbles some strange words.
The bolt of cold hits you!
Ouch! That really hurt!
You die...

##.#####.# #.##
##.# ##†####..#
##.##..##
##.##.##
#.##..# .
##.##.## ..
#.###..## ...
##@###...## ...
#.##..#...# #..
#.###.#...#
#..##.#≈.###..#
#..C.#≈## #..#
##.##≈≈#≈ ##.#
###≈≈≈≈≈≈##.#
#≈≈≈≈≈##.##
≈≈≈≈≈≈≈#.#


You could see a frost giant.

Vanquished Creatures
  Erica (D:8)
  2 death yaks (IceCv)
  An unseen horror (D:9)
  Joseph (D:9)
  An ice statue (IceCv)
  A rime drake (IceCv)
  11 polar bears (IceCv)
  3 meliai (D:9)
  The ghost of Naow the Conjurer, an amateur DECj (D:4)
  A spriggan (D:8)
  Eustachio (D:6)
  18 yaks (IceCv)
  A hungry ghost (D:8)
  The ghost of fatfloppyjuicyveiny the Poker, an amateur OpBe of Trog (D:6)
  A warg (Orc:1)
  Edmund (D:6)
  8 ice beasts
  A sky beast (D:8)
  10 orc warriors
  2 phantoms
  5 ogres
  11 wolves (IceCv)
  A centaur (D:5)
  Blork the orc (D:5)
  2 bullfrogs
  A gnoll sergeant (D:9)
  2 scorpions
  9 killer bees
  4 howler monkeys
  5 crimson imps
  A quasit (D:9)
  2 centaur zombies
  3 jellies
  A gnoll shaman (D:7)
  2 hounds
  10 orc wizards
  A bullfrog skeleton (D:9)
  7 orc priests
  2 centaur skeletons
  An iguana (D:7)
  8 worker ants
  A hound zombie (D:6)
  A hound skeleton (D:4)
  A worker ant zombie (D:5)
  15 gnolls
  9 adders
  A shadow imp (D:9)
  2 oozes
  6 worms
  7 leopard geckos
  27 orcs
  4 bats
  5 giant cockroaches
  8 goblins
  16 hobgoblins
  4 jackals (D:7)
  6 quokkas
  2 ball pythons (D:4)
  3 frilled lizards
  10 kobolds
  3 quokka skeletons
  A quokka zombie (D:5)
  4 rats
  2 plants (D:7)
284 creatures vanquished.

Vanquished Creatures (collateral kills)
  An orc sorcerer (Orc:1)
  A yak (IceCv)
  An orc warrior (D:7)
  An ogre (D:7)
  A hound (D:7)
  A gnoll (D:7)
  A hobgoblin (D:7)
7 creatures vanquished.

Vanquished Creatures (others)
  3 yaks (IceCv)
  A hobgoblin (D:7)
4 creatures vanquished.

Grand Total: 295 creatures vanquished

Notes
Turn   | Place    | Note
-------+----------+-------------------------------------------
     0 | D:1      | Dolanko the Minotaur Fighter began the quest for the Orb.
     0 | D:1      | Reached XP level 1. HP: 19/19 MP: 0/0
   831 | D:2      | Reached skill level 3 in Axes
   831 | D:2      | Reached XP level 2. HP: 27/27 MP: 1/1
   873 | D:2      | Reached XP level 3. HP: 25/33 MP: 2/2
  1211 | D:2      | Found a stormy altar of Qazlal.
  1236 | D:2      | Reached skill level 4 in Axes
  1236 | D:2      | Reached XP level 4. HP: 33/41 MP: 3/3
  1296 | D:2      | Became a worshipper of Qazlal Stormbringer
  2112 | D:4      | Reached XP level 5. HP: 47/47 MP: 4/4
  2187 | D:4      | Noticed Naow's ghost (amateur DECj)
  2206 | D:4      | Killed Naow's ghost
  2206 | D:4      | Reached * piety under Qazlal
  2206 | D:4      | Reached skill level 5 in Fighting
  2206 | D:4      | Reached skill level 5 in Axes
  2206 | D:4      | Reached skill level 5 in Armour
  2206 | D:4      | Reached XP level 6. HP: 7/56 MP: 5/5
  2598 | D:4      | Reached skill level 6 in Axes
  2806 | D:4      | Reached XP level 7. HP: 39/61 MP: 6/6
  3165 | D:5      | Entered Level 5 of the Dungeon
  3220 | D:5      | Reached skill level 7 in Axes
  3504 | D:5      | Gained mutation: You are partially covered in large bone plates. (SH +4) [potion of mutation]
  3504 | D:5      | Gained mutation: Scrolls take you a little longer to read. [potion of mutation]
  3504 | D:5      | Gained mutation: You are partially covered in slimy green scales. (AC +2) [potion of mutation]
  3535 | D:5      | Found Ehu Rija's Antique Weapon Shoppe.
  3610 | D:5      | Reached ** piety under Qazlal
  3610 | D:5      | Reached skill level 8 in Axes
  3687 | D:5      | Reached XP level 8. HP: 71/71 MP: 2/7
  4102 | D:5      | Noticed Blork the orc
  4117 | D:5      | Killed Blork the orc
  4210 | D:6      | Reached skill level 1 in Invocations
  4325 | D:6      | Noticed fatfloppyjuicyveiny's ghost (amateur OpBe)
  4330 | D:6      | Noticed Eustachio
  4332 | D:6      | Killed fatfloppyjuicyveiny's ghost
  4332 | D:6      | Reached skill level 9 in Axes
  4351 | D:6      | Killed Eustachio
  4447 | D:6      | Noticed Edmund
  4454 | D:6      | Killed Edmund
  4794 | D:7      | Found a staircase to the Ecumenical Temple.
  4851 | D:7      | Reached skill level 10 in Axes
  4851 | D:7      | Reached XP level 9. HP: 79/79 MP: 8/10
  5044 | D:7      | Reached *** piety under Qazlal
  6176 | D:8      | Reached skill level 11 in Axes
  6338 | D:8      | Noticed Erica
  6343 | D:8      | Killed Erica
  6343 | D:8      | Reached XP level 10. HP: 79/90 MP: 12/12
  6932 | D:9      | Noticed an unseen horror
  6943 | D:9      | Killed an unseen horror
  6943 | D:9      | Reached skill level 12 in Axes
  6945 | D:9      | Reached skill level 5 in Invocations
  7103 | D:9      | Noticed Joseph
  7124 | D:9      | Killed Joseph
  7443 | D:9      | Reached skill level 10 in Armour
  7658 | D:9      | Found a staircase to the Orcish Mines.
  7857 | Orc:1    | Entered Level 1 of the Orcish Mines
  7909 | Orc:1    | Noticed an orc sorcerer
  7914 | Orc:1    | Killed an orc sorcerer
  8245 | D:9      | Reached skill level 10 in Fighting
  8245 | D:9      | Reached skill level 13 in Axes
  8319 | Orc:1    | Reached XP level 11. HP: 89/99 MP: 14/14
  8645 | Orc:2    | Entered Level 2 of the Orcish Mines
  8667 | Orc:2    | Found a staircase to the Elven Halls.
  8674 | Orc:2    | Found a frozen archway.
  8698 | IceCv    | Entered an ice cave
  8971 | IceCv    | Got a brightly glowing hand axe
  8972 | IceCv    | Identified the +7 hand axe "Qussan" {chop, Str+4} (You found it in an ice cave)
  9206 | IceCv    | Reached skill level 14 in Axes
  9303 | IceCv    | Reached **** piety under Qazlal
  9682 | IceCv    | Noticed a death yak
  9695 | IceCv    | Killed a death yak
  9696 | IceCv    | Noticed a death yak
  9705 | IceCv    | Killed a death yak
  9705 | IceCv    | Reached XP level 12. HP: 110/110 MP: 16/16
  9724 | IceCv    | Noticed a frost giant
  9735 | IceCv    | Killed from afar by a frost giant

Skill      XL: |  1  2  3  4  5  6  7  8  9 10 11 |
---------------+----------------------------------+-----
Axes           | 3 4 5 6 8 10 11 13 14 | 14.7
Fighting       | 4 5 6 7 8 10 11 | 11.4
Armour         | 4 5 6 7 9 10 11 | 11.4
Invocations    | 2 4 6 7 |  7.8
Shields        | |  3.6

Action                   |  1- 3 |  4- 6 |  7- 9 | 10-12 || total
-------------------------+-------+-------+-------+-------++-------
Melee: War axe           |    71 |   100 |   330 |   225 ||   726
       Headbutt          |    11 |    17 |    58 |    97 ||   183
       Hand axe          |       |       |       |   238 ||   238
Throw: Javelin           |       |       |     3 |       ||     3
Invok: Upheaval          |       |       |     6 |     6 ||    12
       Elemental Force   |       |       |     1 |     1 ||     2
Evoke: Wand              |       |       |     4 |     2 ||     6
  Use: Potion            |       |     1 |     8 |     2 ||    11
       Scroll            |       |       |    11 |    15 ||    26
  Eat: Chunk             |     1 |     5 |    13 |     4 ||    23
       Bread ration      |       |       |       |     2 ||     2
       Beef jerky        |       |       |       |     1 ||     1
Armor: Scale mail        |    13 |       |       |       ||    13
       Chain mail        |    14 |    39 |    84 |       ||   137
       Plate armour      |       |       |     7 |   158 ||   165
Dodge: Dodged            |    17 |    13 |    32 |    50 ||   112
Block: Shield            |    34 |    52 |   225 |   338 ||   649
